 Dungeon Crawl Stone Soup version 0.31.0-32-g396128a36d (webtiles) character file.

Game seed: 8668940592316722713

57 TacoSundae the Ruffian (level 4, -3/21 HPs)
             Began as a Vine Stalker Shapeshifter on Apr 6, 2024.
             Slain by a gnoll
             ... wielding a +2 vampiric halberd
              (8 damage)
             ... on level 2 of the Dungeon.
             The game lasted 00:02:15 (1142 turns).

TacoSundae the Ruffian (Vine Stalker Shapeshifter)  Turns: 1142, Time: 00:02:16

Health: -3/21      AC:  3    Str: 18    XL:     4   Next: 0%
Magic:  0/5        EV: 11    Int: 10    God:
Gold:   65         SH:  0    Dex: 14    Spells: 3/3 levels left

rFire   . .          .
                       - Unarmed
rCold   . . .        (no shield)
rNeg    . . .        j - +0 leather armour
rPois   .            (helmet currently unavailable)
rElec   .            (cloak currently unavailable)
rCorr   .            (gloves currently unavailable)
SInv    .            (boots currently unavailable)
Will    .....        (no amulet)
Stlth   +            (no ring)
HPRegen 1.03/turn    (no ring)
MPRegen 0.09/turn

%: guardian spirit
@: beast-form
A: beast (slay +2), fangs 2, regeneration 1, magic shield, antimagic bite, no
potion heal 2
a: Begin Untransformation


You were on level 2 of the Dungeon.
You were a hulking beast.
You visited 1 branch of the dungeon, and saw 2 of its levels.

You collected 65 gold pieces.

Inventory:

Missiles
 i - 3 poisoned darts (quivered)
Armour
 j - a +0 leather armour (worn)
Talismans
 c - a beast talisman
 d - a flux talisman
Scrolls
 e - 4 scrolls of identify {unknown}
 g - 2 scrolls of blinking {unknown}
 h - a scroll of enchant armour {unknown}
 k - 2 scrolls of teleportation {unknown}
Potions
 a - a potion of haste {unknown}
 b - a potion of lignification
 f - a potion of invisibility {unknown}


   Skills:
 - Level 0.8 Fighting
 - Level 1.5 Dodging
 * Level 4.2 Unarmed Combat
 + Level 3.5 Shapeshifting


You had 3 spell levels left.
You didn't know any spells.
Your spell library was empty.

Dungeon Overview and Level Annotations

Branches:
Dungeon (2/15)

Altars:


Innate Abilities, Weirdness & Mutations

You are a hulking beast.
Your limbs bulge with bestial killing power. (Slay +2)
You have extremely sharp teeth.
Your natural rate of healing is unusually fast.
When hurt, damage is shared between your health and your magic reserves.
Your bite disrupts and absorbs the magic of your enemies.
Potions cannot restore your health.


Message History

Your surroundings suddenly seem different.
An adder comes into view.
The helpless adder fails to defend itself.
You hit the adder.
The adder is moderately wounded.
The adder bites you.
You miss the adder.
The adder is moderately wounded.
The adder misses you. The adder bites you but does no damage.
You punch the adder!
You kill the adder!
You have reached level 4!
You feel agile.
You see here an adder corpse.
Unknown command.
Found 8 stones.
You see here 8 stones.
A gnoll comes into view. It is wielding a +2 vampiric halberd.
A gnoll comes into view. It is wielding a +0 whip.
The gnoll shouts! x2
A gnoll comes into view. It is wielding a +0 flail.
The gnoll shouts!
The gnoll attacks as it pursues you!
The gnoll hits you from afar with a +2 vampiric halberd.
The gnoll hits you with a +2 vampiric halberd!
You barely miss the gnoll.
The gnoll hits you with a +2 vampiric halberd!
You completely miss the gnoll. Your punch misses the gnoll. You bite the gnoll.
You drain its power.
You feel invigorated.
The gnoll is moderately wounded.
The gnoll hits you with a +2 vampiric halberd!
* * * LOW HITPOINT WARNING * * *
The gnoll draws strength from your wounds!
You closely miss the gnoll. You bite the gnoll! You drain its power.
You feel invigorated.
The gnoll is heavily wounded.
You closely miss the gnoll. Your bite misses the gnoll.
The gnoll is heavily wounded.
The gnoll hits you with a +2 vampiric halberd!
You die...

####### #.##
########.#
#........#
#.#####..#
####..#
#....^# #
#.##.##
.####g##.##.#
.....ggh....#
#############


You could see 3 gnolls.

Vanquished Creatures
  2 adders (D:2)
  2 dart slugs
  3 ribbon worms (D:2)
  A ball python (D:2)
  5 bats
  2 endoplasms (D:1)
  2 giant cockroaches
  4 goblins
  A hobgoblin (D:1)
  A quokka (D:1)
  A frilled lizard (D:1)
  2 kobolds
  2 rats (D:1)
28 creatures vanquished.

Notes
Turn   | Place    | Note
-------+----------+-------------------------------------------
     0 | D:1      | TacoSundae the Vine Stalker Shapeshifter began the quest
                  | for the Orb.
     0 | D:1      | Reached XP level 1. HP: 9/9 MP: 2/2
    78 | D:1      | Reached XP level 2. HP: 14/14 MP: 3/3
   748 | D:2      | Reached XP level 3. HP: 17/17 MP: 2/4
   924 | D:2      | Reached skill level 4 in Unarmed Combat
  1072 | D:2      | Reached XP level 4. HP: 21/21 MP: 5/5
  1142 | D:2      | Slain by a gnoll

Illustrated notes

Levels and vault maps discovered:
D:1:      dpeg_arrival_houses_and_road, layout_loops_ring
D:2:      layout_loops_cross

Skill      XL: |  1  2  3 |
---------------+----------+-----
Unarmed Combat | 4 |  4.2
Fighting       | |  0.8
Dodging        | |  1.5
Shapeshifting  | |  3.5

Action                     |  1- 3 |  4- 6 || total
---------------------------+-------+-------++-------
  Melee: Unarmed           |    67 |     4 ||    71
         Bite              |    13 |     2 ||    15
   Stab: Sleeping          |     2 |       ||     2
 Armour: Animal skin       |    23 |       ||    23
         Leather armour    |    18 |     5 ||    23
  Dodge: Dodged            |    33 |       ||    33
